 Dungeon Crawl Stone Soup version 0.32-a0-540-g866d13106e (webtiles) character file.

Game seed: 17619958948001581228

1844 javelincjr the Changeling (level 8, -5/78 HPs)
             Began as a Troll Shapeshifter on Feb 28, 2024.
             Was a Follower of Beogh.
             Engulfed by a cloud of flame (16 damage)
             ... on level 10 of the Dungeon.
             The game lasted 00:15:01 (4727 turns).

javelincjr the Changeling (Troll Shapeshifter)      Turns: 4727, Time: 00:15:02

Health: -5/78      AC:  4    Str: 25    XL:     8   Next: 88%
Magic:  7/7        EV: 10    Int:  6    God:    Beogh [*.....]
Gold:   319        SH:  0    Dex:  9    Spells: 7/7 levels left

rFire   + . .        A - +6 falchion of Context {heavy, Will+ Stlth+}
rCold   . . .        (no shield)
rNeg    . . .        a - +0 animal skin
rPois   .            (helmet currently unavailable)
rElec   .            (cloak currently unavailable)
rCorr   .            (gloves unavailable)
SInv    .            (boots unavailable)
Will    +....        (no amulet)
Stlth   ++           f - ring of protection from fire
HPRegen 1.13/turn    (no ring)
MPRegen 0.10/turn

%: no passive effects
@: beast-form
A: beast (slay +4), large, unfitting armour, claws 3, regeneration 1, shaggy fur
1, tough skin 1
a: Begin Untransformation, Renounce Religion


You were on level 10 of the Dungeon.
You worshipped Beogh.
Beogh was aware of your devotion.
You were a hulking beast.
You visited 1 branch of the dungeon, and saw 8 of its levels.

You collected 319 gold pieces.

Inventory:

Hand Weapons
 u - a +2 dagger of holy wrath
 A - the +6 falchion of Context (weapon) {heavy, Will+ Stlth+}
   (You found it on level 5 of the Dungeon)

   Will+:     It increases your willpower.
   Stlth+:    It makes you more stealthy.
 E - the +2 sling "Fyesuc" {drain, Int+4}
   (You found it on level 6 of the Dungeon)

   Int+4:     It affects your intelligence (+4).
 G - a +0 antimagic giant club
Missiles
 h - 27 stones (quivered)
 s - 11 poisoned darts
Armour
 a - a +0 animal skin (worn)
 w - a +0 kite shield
Jewellery
 f - a ring of protection from fire (left claw)
 i - a ring of fire
 C - a ring of fire
Talismans
 c - a beast talisman (active)
 d - a flux talisman
Wands
 H - a wand of flame (15)
Scrolls
 e - 2 scrolls of immolation
 j - 5 scrolls of teleportation {unknown}
 k - a scroll of fear {unknown}
 m - a scroll of summoning {unknown}
 o - 7 scrolls of identify {unknown}
 t - 2 scrolls of vulnerability {unknown}
 v - a scroll of enchant weapon {unknown}
 y - 2 scrolls of poison {unknown}
 B - a scroll of enchant armour {unknown}
 D - a scroll of fog {unknown}
Potions
 b - a potion of lignification
 g - 2 potions of curing {unknown}
 l - 3 potions of mutation {unknown}
 n - a potion of invisibility {unknown}
 p - a potion of degeneration {unknown}
 q - 2 potions of brilliance {unknown}
 r - a potion of might {unknown}
 x - a potion of resistance {unknown}
 z - 3 potions of berserk rage {unknown}
 F - a potion of heal wounds {unknown}


   Skills:
 + Level 4.2 Fighting
 + Level 4.5 Dodging
 + Level 5.9 Unarmed Combat
 * Level 7.3 Shapeshifting


You had 7 spell levels left.
You didn't know any spells.
Your spell library contained the following spells:

 Spells                   Type           Power      Damage    Failure   Level
 Freeze                   Ice            0%         1d3       45%         1
 Mercury Vapours          Alch/Air       0%         N/A       58%         2
 Scorch                   Fire           0%         2d5       58%         2
 Frozen Ramparts          Ice            0%         1d1       83%         3
 Hailstorm                Conj/Ice       0%         3d5       83%         3
 Mephitic Cloud           Conj/Alch/Air  0%         N/A       83%         3
 Tukima's Dance           Hex            0%         N/A       83%         3
 Dimensional Bullseye     Hex/Tloc       0%         N/A       99%         4
 Flame Wave               Conj/Fire      0%         2d4       99%         4
 Iskenderun's Mystic Bla  Conj/Tloc      0%         2d3       99%         4
 Freezing Cloud           Conj/Ice/Air   0%         6-21      100%        5
 Summon Cactus Giant      Summ           0%         N/A       100%        6


Dungeon Overview and Level Annotations

Branches:
Dungeon (7/15)             Temple (0/1) D:5

Altars:
Qazlal
Trog
Zin

Annotations:
D:6 1 runed translucent door, Newt's ghost, novice MfGl


Innate Abilities, Weirdness & Mutations

You are a hulking beast.
Your limbs bulge with bestial killing power. (Slay +4)
You are too large for most types of armour.
You have claws for hands.
Your natural rate of healing is unusually fast.
You are covered in fur. (AC +1)
You have tough skin. (AC +1)


Message History

The yak is moderately wounded.
You hear a shout!
The yak gores you. x2
You slash the yak!
The yak is heavily wounded.
The yak gores you but does no damage. The yak gores you.
You barely miss the yak.
The yak is heavily wounded.
The yak gores you.
A kobold comes into view. It is wielding a +0 club.
The yak gores you!
You hear a bellow!
You slash the yak!
The yak is severely wounded.
You hear a bellow!
The yak gores you! x2
A yak comes into view.
The yak bellows!
You hear a bellow!
Read: 3 scrolls of immolation
Press: ? - help, Q - select action, (/) - cycle Dir - look around, f - activate Look: a yak (severely wounded, susceptible)
As you read the scroll of immolation, it crumbles to dust.
The creatures around you are filled with an inner flame!
You hear a bellow! x2; You hear two shouts!
You hear a shout!
The yak gores you!
A kobold comes into view. It is wielding a +0 dagger.
You slice the yak!! Beogh accepts your kill.
The yak explodes!
The fiery explosion engulfs you! You resist.
* * * LOW HITPOINT WARNING * * *
The fiery explosion engulfs the kobold brigand!
Flame seeps out of the kobold brigand.
The kobold brigand is heavily wounded.
The fiery explosion engulfs the yak!!!
Flame seeps out of the yak.
The yak is almost dead.
The fiery explosion engulfs the yak!!
Flame seeps out of the yak.
The yak is severely wounded.
You are engulfed in blazing flames.
You resist.
You die...

.. l. .. .#
######.# .
#...ß#K###..#
#...##Y....#
#._.h§KY..#
#...##Y...#
#...ß#.K?.#
######.......
.Y..###
Y....#
...#..#
.####.#


You could see 3 yaks, a kobold brigand (inner flame) and a kobold.

Vanquished Creatures
  Grinder (D:5)
  Sigmund (D:5)
  A yak (D:10)
  3 black bears
  4 ogres
  A kobold brigand (D:6)
  4 scorpions
  2 howler monkeys
  A bombardier beetle (D:5)
  2 hounds (D:5)
  A jelly (D:5)
  2 orc priests (D:6)
  2 sleepcaps
  Jessica (D:3)
  An orc wizard (D:6)
  8 gnolls
  2 adders (D:6)
  2 shadow imps
  3 ufetubi
  3 ribbon worms
  4 dart slugs
  3 orcs
  7 ball pythons
  3 bats
  8 endoplasms
  4 goblins
  9 hobgoblins
  7 jackals
  8 kobolds
  6 quokkas
  3 frilled lizards
  10 rats
117 creatures vanquished.

Vanquished Creatures (others)
  An orc priest (D:6)
  An ufetubus (D:5)
  An orc (D:5)
3 creatures vanquished.

Grand Total: 120 creatures vanquished

Notes
Turn   | Place    | Note
-------+----------+-------------------------------------------
     0 | D:1      | javelincjr the Troll Shapeshifter began the quest for the
                  | Orb.
     0 | D:1      | Reached XP level 1. HP: 18/18 MP: 0/0
    88 | D:1      | Reached skill level 1 in Fighting
   101 | D:1      | Reached XP level 2. HP: 27/27 MP: 1/1
   364 | D:1      | Reached XP level 3. HP: 33/33 MP: 2/2
  1394 | D:3      | Noticed Jessica
  1405 | D:3      | Killed Jessica
  1406 | D:3      | Reached XP level 4. HP: 27/41 MP: 3/3
  1750 | D:4      | Noticed an ogre
  1795 | D:4      | Noticed a black bear
  1808 | D:4      | Killed a black bear
  1809 | D:4      | Reached skill level 4 in Shapeshifting
  1809 | D:4      | Reached XP level 5. HP: 47/49 MP: 4/4
  2015 | D:4      | Killed an ogre
  2016 | D:4      | Reached XP level 6. HP: 33/58 MP: 5/5
  2193 | D:4      | Found a stormy altar of Qazlal.
  2308 | D:4      | Reached skill level 5 in Shapeshifting
  2725 | D:5      | Entered Level 5 of the Dungeon
  2725 | D:5      | Noticed Sigmund
  2770 | D:5      | Noticed Grinder
  2776 | D:5      | Became a worshipper of Beogh the Shepherd
  2803 | D:5      | Killed Grinder
  2804 | D:5      | Reached XP level 7. HP: 35/66 MP: 6/6
  2848 | D:5      | Killed Sigmund
  2886 | D:5      | Identified the +6 falchion of Context {heavy, Will+ Stlth+}
  2936 | D:5      | Reached skill level 6 in Shapeshifting
  2947 | D:5      | Reached skill level 5 in Unarmed Combat
  2993 | D:5      | Reached XP level 8. HP: 75/75 MP: 7/7
  3085 | D:5      | Found a staircase to the Ecumenical Temple.
  3655 | D:6      | Identified the +2 sling "Fyesuc" {drain, Int+4}
  3745 | D:6      | Found a runed translucent door.
  3747 | D:6      | Noticed Newt's ghost (novice MfGl)
  3853 | D:6      | Reached * piety under Beogh
  4096 | D:6      | Reached skill level 7 in Shapeshifting
  4101 | D:6      | Found a bloodstained altar of Trog.
  4697 | D:7      | You fall into a shaft and drop 3 floors!
  4697 | D:10     | Entered Level 10 of the Dungeon
  4697 | D:10     | Found a glowing silver altar of Zin.
  4708 | D:10     | Noticed a komodo dragon
  4727 | D:10     | Engulfed by a cloud of flame

Illustrated notes

Levels and vault maps discovered:
D:1:      tarquinn_simple_flora_water_a, layout_loops_ring
D:2:      cheibrodos_old_hovel, layout_basic
D:3:      layout_rooms, uniq_jessica
D:4:      layout_basic, kennysheep_little_box, kennysheep_small_square
D:5:      layout_rooms, lemuel_temple_firewalk_b, nicolae_the_louvre,
          uniq_sigmund, uniq_grinder
D:6:      layout_loops_ring, trog_antimagical, ebering_ghost_inner_flame
D:7:      layout_basic, minivault_1, uniq_joseph
D:10:     layout_rooms, mainiacjoe_overflow_alcove_2,
          chequers_serial_rivers_large_a, minmay_misc_feat_four_crosses

Skill      XL: |  1  2  3  4  5  6  7  8 |
---------------+-------------------------+-----
Fighting       | 1 2 3 4 |  4.2
Dodging        | 2 3 4 |  4.5
Shapeshifting  | 4 5 6 7 |  7.3
Unarmed Combat | 4 5 |  5.9

Action                     |  1- 3 |  4- 6 |  7- 9 || total
---------------------------+-------+-------+-------++-------
  Melee: Unarmed           |   118 |    85 |    13 ||   216
         Punch             |       |     1 |     1 ||     2
         Falchion          |       |       |    98 ||    98
   Fire: Sling             |       |       |    13 ||    13
  Throw: Stone             |     3 |    16 |    19 ||    38
         Dart              |       |    10 |       ||    10
 Invoke: Convert to Beogh  |       |     1 |       ||     1
    Use: Scroll            |       |       |     1 ||     1
   Stab: Sleeping          |       |       |     3 ||     3
 Armour: Animal skin       |    68 |    46 |   145 ||   259
  Dodge: Dodged            |    50 |    40 |    84 ||   174

Table legend: (Time is in decaauts)
 A = Elapsed time spent in this place.
 B = Non-inter-level travel time spent in this place.
 C = Inter-level travel time spent in this place.
 D = Time resting spent in this place.
 E = Time spent auto-exploring this place.
 F = Levels seen in this place.
 G = Mean time per level.
                   A        B        C        D        E       F      G
               +--------+--------+--------+--------+--------+-----+--------+
         Total |   4811 |   4597 |    214 |     32 |   3513 |   8 |  601.4 |
       Dungeon |   4811 |   4597 |    214 |     32 |   3513 |   8 |  601.4 |
               +--------+--------+--------+--------+--------+-----+--------+

Top non-repeatable levels by time:
     D:6: 1170 daAuts
     D:4: 984 daAuts
     D:5: 804 daAuts
     D:1: 741 daAuts
     D:2: 530 daAuts
     D:3: 481 daAuts
     D:7: 62 daAuts
    D:10: 35 daAuts
